AoeStats
← DarkPaladinX

Black Forest

509443032Analyzed
4v4 RM · 4d ago on Sep 26, 2026· 32m 48s· 8 players
Game mode
Random Map
Map size
Large (8 player)
Population
200
Speed
Normal
Resources
Standard
Victory
Conquest
Starting age
Dark Age
Ending age
Imperial Age
RankedLock teamsTeams togetherTeam positionsShared explorationLock speedFull tech treeHidden civsTurbo modeCheats
Victory
Defeat
🇭🇰 Bohemians · Hong Kong SAR China
1646
+10
🇩🇪 Cumans · Germany
1610
+12
🇨🇦 Khitans · Canada
1507
+15
🇺🇸 Slavs · United States
1498
+15
🇵🇪 Bohemians · Peru
1556
-15
🇦🇷 Persians · Argentina
1508
-13
🇦🇷 Britons · Argentina
1484
-12
🇨🇴 Danes · Colombia
1481
-12
MasteRk
0:51 Loom
21:41 Feudal Age
22:28 Double-Bit Axe
26:46 Castle Age
25:01 Horse Collar
25:04 Fishing Lines
28:12 Wheelbarrow
27:39 Town Watch
28:01 Gillnets
29:14 Fervor
30:24 Forging
Sebastianquijanog
4:40 Loom
11:40 Feudal Age
16:56 Castle Age
15:31 Double-Bit Axe
16:17 Horse Collar
25:13 Bow Saw
x
4:40 Loom
11:11 Feudal Age
16:53 Castle Age
16:50 Fletching
17:37 Bodkin Arrow
17:10 Crossbowman
20:23 Husbandry
22:53 Horse Collar
26:47 Wheelbarrow
26:04 Double-Bit Axe
26:20 Heavy Plow
27:07 Bow Saw
28:39 Hand Cart
29:08 Padded Archer Armor
30:30 Ballistics
_94_ShaDoW_Arg
6:21 Loom
11:17 Feudal Age
12:39 Double-Bit Axe
15:04 Castle Age
19:29 Wheelbarrow
18:41 Town Watch
20:53 Fishing Lines
21:21 Horse Collar
22:42 Gillnets
24:36 Gold Mining
24:38 Stone Mining
27:09 Hand Cart
30:47 Imperial Age
29:34 Gold Shaft Mining
29:14 Bloodlines
29:05 Husbandry
29:19 Scale Barding Armor
30:24 Chain Barding Armor
30:55 Forging
31:25 Conscription
32:08 Plate Barding Armor
32:12 Hoardings
32:59 Iron Casting
32:51 Masonry
King Fai Gor Gor
10:07 Feudal Age
10:33 Double-Bit Axe
12:02 Wheelbarrow
11:44 Fishing Lines
19:49 Castle Age
20:57 Gillnets
20:58 Horse Collar
22:20 Chemistry
21:49 Fervor
21:59 Bow Saw
23:05 Padded Archer Armor
28:11 Leather Archer Armor
33:50 Imperial Age
33:25 Sanctity
{MAMP}Elky
3:29 Loom
10:19 Feudal Age
11:09 Double-Bit Axe
16:19 Forging
20:16 Wheelbarrow
23:20 Castle Age
21:11 Domestication
22:38 Gold Mining
25:23 Bow Saw
25:33 Fletching
28:50 Bodkin Arrow
29:31 Iron Casting
30:22 Hand Cart
31:50 Scale Mail Armor
32:56 Chain Mail Armor
33:17 Lamellar Armor
KnightLifeAoC
1:18 Loom
19:16 Feudal Age
32:45 Castle Age
DarkPaladinX
10:40 Feudal Age
11:04 Feudal Age
15:00 Castle Age
13:35 Double-Bit Axe
14:02 Fishing Lines
23:52 Horse Collar
30:21 Imperial Age
28:20 Heavy Plow
28:33 Bow Saw
30:58 Wheelbarrow
31:17 Scale Barding Armor
30:37 Cavalier
32:05 Crop Rotation
32:43 Two-Man Saw
32:18 Chain Barding Armor
32:24 Bloodlines
33:00 Forging
32:59 Loom
33:29 Hand Cart
Connection lost

Rejoining the realm…

Still unreachable

The connection could not be restored.

Session expired

The server has moved on; the page needs a fresh start.